 Dungeon Crawl Stone Soup version 0.24-a0-459-g225fefd530 (webtiles) character file.

Game seed: 3890537853892518154

4366 Kohma the Grappler (level 10, -3/84 HPs)
             Began as a Troll Monk on June 30, 2019.
             Was an Elder of Hepliaklqana.
             Slain by a two-headed ogre
             ... wielding a +0 giant club
              (23 damage)
             ... on level 8 of the Dungeon.
             The game lasted 00:24:41 (6526 turns).

Kohma the Grappler (Troll Monk)                     Turns: 6526, Time: 00:24:41

Health: -3/84      AC:  7    Str: 24    XL:     10   Next: 13%
Magic:  10/10      EV: 10    Int: 10    God:    Hepliaklqana [****..]
Gold:   495        SH:  0    Dex: 12    Spells: 9/9 levels left

rFire    + . .     SeeInvis .     - Unarmed
rCold    + . .     Gourm    +   (no shield)
rNeg     + . .     Faith    +   a - +1 robe
rPois    .         Spirit   .   (helmet restricted)
rElec    .         Reflect  .   c - scarf {rC+ rF+}
rCorr    .         Harm     .   (gloves unavailable)
MR       .....                  (boots unavailable)
Stlth    ++........             q - amulet of faith
HPRegen  0.64/turn              n - +4 ring of intelligence
MPRegen  0.12/turn              y - ring of positive energy

@: lethally poisoned (-3 -> -3)
A: large, unfitting armour, reduced essence, claws 3, fast metabolism 3,
gourmand, regeneration 1, shaggy fur 1, tough skin 3
a: Recall Ancestor, Ancestor Identity, Transference, Idealise, Renounce Religion


You were on level 8 of the Dungeon.
You worshipped Hepliaklqana.
Hepliaklqana was greatly pleased with you.
You were very full.

You visited 2 branches of the dungeon, and saw 9 of its levels.
You also visited: Sewer.

You collected 495 gold pieces.

Inventory:

Hand Weapons
 b - a +2 whip of flaming
Missiles
 e - 5 throwing nets
 f - 249 stones
 j - 8 curare-tipped darts
 k - 36 poisoned darts (quivered)
 B - 5 large rocks
Armour
 a - a +1 robe (worn)
 c - a scarf of resistance (worn)
 d - a +0 robe of positive energy
Jewellery
 n - a +4 ring of intelligence (left claw)
 q - an amulet of faith (around neck)
 y - a ring of positive energy (right claw)
Wands
 D - a wand of scattershot (4)
 E - a wand of polymorph (8)
Scrolls
 g - 4 scrolls of amnesia
 i - 5 scrolls of teleportation
 r - 2 scrolls of fear
 u - 2 scrolls of enchant armour
 v - 2 scrolls of remove curse
 z - 4 scrolls of identify
Potions
 h - 2 potions of flight
 l - 6 potions of heal wounds
 o - a potion of resistance
 p - 2 potions of curing
 s - 2 potions of brilliance
 t - a potion of magic
 w - a potion of invisibility
 x - a potion of cancellation
 C - a potion of mutation
Comestibles
 m - 18 rations
 A - 2 chunks of flesh


   Skills:
 + Level 4.4 Fighting
 - Level 0.8 Throwing
 - Level 2.4 Dodging
 - Level 1.0 Stealth
 * Level 13.4 Unarmed Combat
 + Level 2.6 Invocations


You had 9 spell levels left.
You didn't know any spells.
Your spell library contained the following spells:

 Spells                   Type           Power        Failure   Level  Hunger
 Bolt of Magma            Conj/Fire/Erth #.........   100%        5    ######.
 Iskenderun's Battlesphe  Conj/Chrm      #.......     100%        5    ######.
 Venom Bolt               Conj/Pois      #.........   100%        5    ######.
 Iron Shot                Conj/Erth      #.........   100%        6    #######
 Orb of Destruction       Conj           #.........   100%        7    #######
 Spellforged Servitor     Conj/Summ      #.........   100%        7    #######


Dungeon Overview and Level Annotations

Branches:
Dungeon (8/15)             Temple (1/1) D:5
   Lair: D:8-11

Altars:
Ashenzari
Cheibriados
Dithmenos
Elyvilon
Fedhas
Gozag
Hepliaklqana
Kikubaaqudgha
Makhleb
Nemelex Xobeh
Okawaru
Qazlal
Ru
Uskayaw
Vehumet
Wu Jian
Xom
Yredelemnul
Zin
The Shining One

Annotations:
D:7 exclusion: downstairs
D:8 Erica


Innate Abilities, Weirdness & Mutations

You are too large for most types of armour.
You have claws for hands.
Your metabolism is lightning-fast.
You like to eat raw meat.
Your natural rate of healing is unusually fast.
You are covered in fur. (AC +1)
You have extremely tough skin. (AC +3)
Your life essence is reduced to manifest your ancestor. (-10% HP)


Message History

You feel less confused.
You feel sick.
Quintus hits something but does no damage.
You feel sick.
Quintus casts a spell at something.
You feel sick.
You feel sick.
There is a hide-covered altar of Uskayaw here.
You feel sick.
Quintus hits something with a +0 dagger of draining.
You feel sick.
An orb of energy appears from out of thin air!
The orb of energy hits you.
* * * LOW HITPOINT WARNING * * *
You feel sick.
Something hits Quintus!
Something burns Quintus.
Quintus hits something with a +0 dagger of draining!
There is a stone staircase leading up here.
The two-headed ogre completely misses you.
The two-headed ogre hits you with a +0 giant club!!
You die...

.....(.##..........#........#
.....(....#####....##......##
.....R....# #........#.>...
..........# #.......## ....
.......##.## #.......# ...
.......#...####....#.## ..
.......R.{R........#... .
....####...#.......###.#
....# ##.##...O@..# ## ....#
#..........# ...#
#.........##
.#.######........##
.#........##......#
.................##
.............###.#
.........<#### ###
..#......## .#


You could see the friendly Quintus the hexer and a two-headed ogre.

Vanquished Creatures
  Harold (D:8)
  Pikel (D:6)
  Grinder (D:4)
  An orc warrior (D:8)
  2 phantoms
  2 sky beasts
  2 necrophages
  An ogre (D:5)
  2 wolves (D:8)
  A crocodile (Sewer)
  2 centaurs
  A bullfrog (D:7)
  3 scorpions
  4 wights (D:6)
  A howler monkey (D:6)
  A vampire bat (D:6)
  2 bullfrog zombies
  A crimson imp (D:5)
  A centaur zombie (D:4)
  2 orc priests
  A bullfrog skeleton (D:5)
  4 orc wizards
  6 worker ants
  2 hound skeletons
  A howler monkey zombie (D:5)
  A worker ant zombie (D:5)
  7 gnolls
  7 adders
  2 shadow imps (D:7)
  3 oozes
  An adder skeleton (D:5)
  5 worms
  4 dart slugs
  6 leopard geckos
  20 orcs
  5 bats
  3 bat skeletons (D:6)
  2 bat zombies (D:6)
  9 giant cockroaches
  8 goblins
  14 hobgoblins
  8 jackals
  3 quokkas
  2 ball pythons (D:5)
  11 frilled lizards
  A jackal skeleton (D:6)
  9 kobolds
  2 leopard gecko skeletons
  A leopard gecko zombie (D:5)
  10 rats
190 creatures vanquished.

Vanquished Creatures (collateral kills)
  Grum (D:8)
  A sky beast (D:6)
  A phantom (D:5)
  2 ogres
  A bullfrog (D:6)
  A howler monkey (D:7)
  An iguana (D:5)
  A worker ant (D:7)
  An adder (D:5)
  2 orcs (D:6)
  A bat skeleton (D:6)
  A giant cockroach (D:5)
14 creatures vanquished.

Grand Total: 204 creatures vanquished

Notes
Turn   | Place    | Note
-------+----------+-------------------------------------------
     0 | D:1      | Kohma the Troll Monk began the quest for the Orb.
     0 | D:1      | Reached XP level 1. HP: 22/22 MP: 0/0
   151 | D:1      | Reached XP level 2. HP: 28/29 MP: 1/1
   359 | D:1      | Reached XP level 3. HP: 33/36 MP: 2/2
   432 | D:1      | Reached skill level 4 in Unarmed Combat
  1303 | D:2      | Reached XP level 4. HP: 41/44 MP: 3/3
  1716 | D:3      | Found a blossoming altar of Fedhas.
  1747 | D:3      | Found a shimmering altar of Xom.
  1751 | D:3      | Found a shimmering altar of Xom.
  1751 | D:3      | Found a shimmering altar of Xom.
  1751 | D:3      | Found a shimmering altar of Xom.
  1753 | D:3      | Found a shimmering altar of Xom.
  1753 | D:3      | Found a shimmering altar of Xom.
  1779 | D:3      | Found a shimmering altar of Xom.
  1860 | D:3      | Reached skill level 5 in Unarmed Combat
  1894 | D:3      | Found a glowing drain.
  1898 | Sewer    | Entered a sewer
  1972 | Sewer    | Noticed a crocodile
  1982 | Sewer    | Killed a crocodile
  1982 | Sewer    | Reached XP level 5. HP: 16/52 MP: 4/4
  2215 | D:3      | Reached skill level 6 in Unarmed Combat
  2606 | D:3      | Found a faded altar of an unknown god.
  2911 | D:4      | Found a snail-covered altar of Cheibriados.
  3023 | D:4      | Found a shadowy altar of Dithmenos.
  3160 | D:4      | Reached XP level 6. HP: 56/59 MP: 5/5
  3240 | D:4      | Reached skill level 7 in Unarmed Combat
  3398 | D:4      | Noticed Grinder
  3402 | D:4      | Killed Grinder
  3402 | D:4      | Reached skill level 8 in Unarmed Combat
  3402 | D:4      | Reached XP level 7. HP: 67/67 MP: 6/6
  3818 | D:5      | Entered Level 5 of the Dungeon
  3855 | D:5      | Found a burning altar of Makhleb.
  3857 | D:5      | Found a hazy altar of Hepliaklqana.
  3862 | D:5      | Became a worshipper of Hepliaklqana the Forgotten
  3862 | D:5      | Reached * piety under Hepliaklqana
  3862 | D:5      | Reached ** piety under Hepliaklqana
  3863 | D:5      | Remembered your ancestor Quintus as a hexer
  3906 | D:5      | Reached skill level 9 in Unarmed Combat
  4017 | D:5      | Reached XP level 8. HP: 67/67 MP: 7/7
  4221 | D:5      | Reached skill level 10 in Unarmed Combat
  4339 | D:5      | Found a staircase to the Ecumenical Temple.
  4348 | Temple   | Entered the Ecumenical Temple
  4754 | D:6      | Reached skill level 11 in Unarmed Combat
  4855 | D:6      | Reached *** piety under Hepliaklqana
  4861 | D:6      | Reached XP level 9. HP: 52/74 MP: 8/8
  4946 | D:6      | Found an ancient bone altar of Kikubaaqudgha.
  5121 | D:6      | Reached skill level 12 in Unarmed Combat
  5137 | D:6      | Noticed Pikel
  5148 | D:6      | Killed Pikel
  5214 | D:6      | Found a basalt altar of Yredelemnul.
  6049 | D:7      | Reached **** piety under Hepliaklqana
  6154 | D:8      | Found a hide-covered altar of Uskayaw.
  6154 | D:8      | Noticed Harold
  6154 | D:8      | Noticed Grum
  6168 | D:7      | Reached skill level 1 in Invocations
  6241 | D:8      | Reached skill level 13 in Unarmed Combat
  6256 | D:8      | Killed Harold
  6256 | D:8      | Reached XP level 10. HP: 83/83 MP: 8/10
  6381 | D:8      | Killed Grum
  6500 | D:8      | Noticed Erica
  6500 | D:8      | Noticed a two-headed ogre
  6526 | D:8      | Slain by a two-headed ogre

Levels and vault maps discovered:
D:1:      wander_arrival_chamber, layout_loops_ring
D:2:      layout_basic
D:3:      layout_loops_ring, nicolae_xom_altar_mimics, lemuel_doored_altar,
          gup_sewer_entry_spiral, chequers_ecumenical_altar_grove,
          minmay_lizard_king
D:4:      layout_loops_ring, kennysheep_slug_shrine, skrybe_limestone_x,
          grunt_dithmenos_smoke_and_mirrors, uniq_grinder
D:5:      minmay_bubble_buster, layout_basic,
          chequers_temple_overflow_statue_of_worship, temple_hall, first_ration
D:6:      layout_cave_pools, kennysheep_vampire_church, basic_altar, uniq_pikel
D:7:      layout_loops_ring
D:8:      layout_rooms, nicolae_overflow_crystal_walls, trog_ov_bears_minmay,
          blue_anna_alchemist [blue_anna_fruit_fields, blue_anna_fruit_fields],
          serial_bayou_pond_b, makhleb_blood_cavern_becter, uniq_harold,
          uniq_erica, uniq_grum
Temple:   cyrus_circular_temple

Skill      XL: |  1  2  3  4  5  6  7  8  9 |
---------------+----------------------------+-----
Unarmed Combat | 4 5 6 8 9 11 13 | 13.4
Fighting       | 3 4 |  4.4
Invocations    | 2 |  2.6
Throwing       | |  0.8
Dodging        | |  2.4
Stealth        | |  1.0

Action                   |  1- 3 |  4- 6 |  7- 9 | 10-12 || total
-------------------------+-------+-------+-------+-------++-------
Melee: Unarmed           |    82 |   171 |   236 |    19 ||   508
       Punch             |     1 |     5 |    10 |     2 ||    18
Throw: Dart              |       |       |     7 |     1 ||     8
Invok: Ancestor Life: He |       |       |     1 |       ||     1
       Recall Ancestor   |       |       |       |     1 ||     1
  Use: Scroll            |       |    12 |     8 |       ||    20
 Stab: Sleeping          |     5 |     6 |     2 |       ||    13
       Confused          |       |       |     2 |     1 ||     3
       Distracted        |       |       |     2 |       ||     2
  Eat: Chunk             |    12 |    25 |    26 |     2 ||    65
Armor: Robe              |    30 |    38 |    69 |     6 ||   143
Dodge: Dodged            |    36 |    77 |    91 |    16 ||   220

Table legend:
 A = Non-vault XP
 B = Vault XP
 C = Vault XP percentage of total XP
 D = Non-vault monster count
 E = Vault monster count
 F = Vault count percentage of total count
                 A         B        C        D         E       F
            +---------+---------+-------+---------+---------+-------
      Total |    3574 |    2664 |  42.7 |     162 |      42 |  20.6
            +---------+---------+-------+---------+---------+-------
        D:1 |      69 |       0 |   0.0 |      33 |       0 |   0.0
        D:2 |      32 |       0 |   0.0 |       9 |       0 |   0.0
        D:3 |      83 |      21 |  20.2 |      28 |      13 |  31.7
        D:4 |     514 |     290 |  36.1 |      20 |       2 |   9.1
        D:5 |     903 |     174 |  16.2 |      26 |       9 |  25.7
        D:6 |    1040 |     650 |  38.5 |      18 |       8 |  30.8
        D:7 |     667 |       0 |   0.0 |      24 |       0 |   0.0
        D:8 |     266 |    1410 |  84.1 |       4 |       4 |  50.0
      Sewer |       0 |     119 | 100.0 |       0 |       6 | 100.0
            +---------+---------+-------+---------+---------+-------
